 Dungeon Crawl Stone Soup version 0.27-a0-1202-ge72e49191c (webtiles) character file.

Game seed: 14869033782642224611

740 TacoSundae the Insei (level 8, -5/52 HPs)
             Began as a Djinni Transmuter on June 2, 2021.
             Slain by a black bear (10 damage)
             ... on level 6 of the Dungeon.
             The game lasted 00:16:46 (7721 turns).

TacoSundae the Insei (Djinni Transmuter)            Turns: 7721, Time: 00:16:47

Health: -5/52      AC:  4    Str:  9    XL:     8   Next: 5%
Gold:   332        EV: 12    Int: 17    God:
                   SH:  0    Dex: 14

rFire    + + .     SeeInvis .     - Unarmed
rCold    . . .     Faith    .   (no shield)
rNeg     + . .     Spirit   .   a - +0 robe {rN+}
rPois    ∞         Reflect  .   (helmet currently unavailable)
rElec    .         Harm     .   (no cloak)
rCorr    .         Rampage  .   o - +1 pair of gloves
Will     .....                  (boots unavailable)
Stlth    +.........             (no amulet)
HPRegen  0.17/turn              c - ring of protection from cold
MPRegen  0.00/turn              (no ring)

@: appendages (expiring), flying
A: horns 2, flying, sickness immunity, fire resistance 2, cold vulnerability 1,
float, innate caster, hp casting, extra vitality 1
a: End Transformation


You were on level 6 of the Dungeon.
You had temporarily grown beastly horns.
You visited 1 branch of the dungeon, and saw 6 of its levels.

You collected 332 gold pieces.

Inventory:

Hand Weapons
 b - a +3 hunting sling
Missiles
 m - 13 sling bullets
 n - 2 throwing nets
Armour
 a - a +0 robe of positive energy (worn)
 f - a +0 helmet (melded)
 o - a +1 pair of gloves (worn)
Jewellery
 c - a ring of protection from cold (left hand)
 p - a ring of magical power
Wands
 e - a wand of polymorph (2)
Scrolls
 h - a scroll of enchant weapon
 j - 2 scrolls of fog
 k - a scroll of identify
Potions
 d - a potion of resistance
 g - a potion of berserk rage
 i - a potion of curing
 l - a potion of lignification
 q - a potion of attraction


   Skills:
 - Level 1.0 Fighting
 - Level 2.1 Dodging
 + Level 6.8 Unarmed Combat
 * Level 4.4 Spellcasting


You couldn't memorise any spells.
You knew the following spells:

 Your Spells              Type           Power      Damage    Failure   Level
a - Beastly Appendage     Tmut           38%        N/A       2%          1
b - Wereblood             Tmut           19%        N/A       3%          2
c - Spider Form           Tmut/Pois      9%         N/A       7%          3
d - Ice Form              Ice/Tmut       19%        N/A       24%         4
e - Hydra Form            Tmut           9%         N/A       54%         5
f - Sting                 Tmut/Pois      76%        1d6       2%          1
g - Call Imp              Summ           19%        N/A       3%          2
h - Mephitic Cloud        Conj/Pois/Air  19%        N/A       7%          3
Your spell library was empty.

Dungeon Overview and Level Annotations

Branches:
Dungeon (6/15)
 Temple: D:4-7

Altars:


Innate Abilities, Weirdness & Mutations

You have temporarily grown beastly horns.
You are flying.
You are immune to sickness and miasma.
You are immune to poison.
Your flesh is very heat resistant. (rF++)
You are vulnerable to cold. (rC-)
You float through the air rather than walking.
You learn spells naturally, not from books.
Your magical power is your life essence.
You have superior vitality. (+4 HP)


Message History

The black bear closely misses you. The black bear barely misses you.
The black bear claws you but does no damage.
You hit the black bear but do no damage.
The black bear is heavily wounded.
The black bear bites you but does no damage.
The black bear claws you. The black bear barely misses you.
You hit the black bear.
The black bear is severely wounded.
You hit the black bear. Your headbutt misses the black bear.
The black bear is severely wounded.
The black bear goes berserk!
You hit the black bear.
The black bear is almost dead.
Your transformation is almost over.
The black bear closely misses you.
The black bear claws you but does no damage.
The black bear barely misses you. The black bear bites you.
The black bear claws you. x2
You hit the black bear but do no damage.
You headbutt the black bear.
The black bear is almost dead.
The black bear closely misses you. The black bear claws you. x2
You closely miss the black bear.
The black bear is almost dead.
The black bear bites you!
* * * LOW HITPOINT WARNING * * *
The black bear claws you but does no damage.
The black bear barely misses you.
You hit the black bear but do no damage.
You headbutt the black bear, but do no damage.
The black bear is almost dead.
The black bear bites you.
* * * LOW HITPOINT WARNING * * *
The black bear claws you but does no damage.
The black bear claws you.
* * * LOW HITPOINT WARNING * * *
You hit the black bear.
The black bear is almost dead.
The black bear bites you!
You die...

... ..##+###
...... ......#
..... ...?. ...
.... # ### #.####
..#
###.###.##.#####h#
...).#........>.@#
.....#...........#
.....'...........#
#########..##..###
#..##..# #..#...#
#..#...# #..#...#
##.###.#


You could see a black bear (berserk).

Vanquished Creatures
  2 ice beasts
  A black bear (D:5)
  A centaur (D:5)
  A scorpion (D:5)
  An orc priest (D:2)
  Ijyb (D:3)
  3 orc wizards
  Robin (D:2)
  6 gnolls
  5 adders
  An ufetubus (D:5)
  An adder skeleton (D:4)
  2 dart slugs
  A worm (D:2)
  5 orcs
  6 ball pythons
  2 bats
  4 endoplasms
  11 goblins
  6 hobgoblins
  5 kobolds
  A quokka (D:4)
  2 frilled lizards
  3 rats (D:1)
72 creatures vanquished.

Vanquished Creatures (collateral kills)
  A gnoll shaman (D:4)
  2 gnolls (D:4)
  An adder skeleton (D:4)
  A dart slug (D:4)
  An orc (D:5)
6 creatures vanquished.

Grand Total: 78 creatures vanquished

Notes
Turn   | Place    | Note
-------+----------+-------------------------------------------
     0 | D:1      | TacoSundae the Djinni Transmuter began the quest for the
                  | Orb.
     0 | D:1      | Reached XP level 1. HP: 17/17 MP: 0/0
   220 | D:1      | Reached XP level 2. HP: 14/22 MP: 0/0
  1179 | D:1      | Reached XP level 3. HP: 26/27 MP: 0/0
  1179 | D:1      | Learned a level 1 spell: Sting
  1494 | D:2      | Noticed Robin
  2099 | D:2      | Reached skill level 4 in Unarmed Combat
  2358 | D:2      | Killed Robin
  2359 | D:2      | Reached XP level 4. HP: 6/32 MP: 0/0
  3092 | D:2      | Reached skill level 5 in Unarmed Combat
  3092 | D:2      | Reached XP level 5. HP: 19/37 MP: 0/0
  3092 | D:2      | Learned a level 2 spell: Call Imp
  4259 | D:3      | Found a faded altar of an unknown god.
  4328 | D:3      | Noticed Ijyb
  4378 | D:3      | Killed Ijyb
  4449 | D:3      | Reached XP level 6. HP: 27/42 MP: 0/0
  5730 | D:4      | Reached skill level 6 in Unarmed Combat
  6456 | D:5      | Entered Level 5 of the Dungeon
  7029 | D:5      | Reached XP level 7. HP: 30/47 MP: 0/0
  7029 | D:5      | Learned a level 3 spell: Mephitic Cloud
  7514 | D:6      | Reached XP level 8. HP: 22/52 MP: 0/0
  7721 | D:6      | Slain by a black bear

Illustrated notes

Levels and vault maps discovered:
D:1:      onia_arrival_handbag, layout_basic, minmay_misc_feat_cross,
          minmay_bisected
D:2:      cheibrodos_pilgrimage, layout_basic, serial_rivers,
          chequers_serial_rivers_room_a, chequers_serial_rivers_large_a,
          chequers_serial_rivers_small_b, chequers_serial_rivers_micro_b,
          uniq_robin
D:3:      layout_loops_corners, shapermc_ecumenical_altar_notcrosses, uniq_ijyb
D:4:      layout_gridville
D:5:      layout_basic
D:6:      layout_gridville, minmay_temple_entry_statues_fountains

Skill      XL: |  1  2  3  4  5  6  7 |
---------------+----------------------+-----
Spellcasting   | 2 3 4 |  4.4
Unarmed Combat | 4 5 6 |  6.8
Fighting       | |  1.0
Dodging        | |  2.1

Action                   |  1- 3 |  4- 6 |  7- 9 || total
-------------------------+-------+-------+-------++-------
Melee: Unarmed           |   131 |   144 |    42 ||   317
       Headbutt          |    11 |    23 |     5 ||    39
       Punch             |     2 |     3 |       ||     5
 Fire: Hunting sling     |       |     5 |       ||     5
 Cast: Beastly Appendage |    25 |    26 |     3 ||    54
       Sting             |       |     4 |       ||     4
       Call Imp          |       |    12 |       ||    12
       Spider Form       |       |       |     3 ||     3
 Abil: End Transformatio |       |       |     1 ||     1
  Use: Scroll            |     2 |     7 |     2 ||    11
       Potion            |       |     2 |       ||     2
 Stab: Sleeping          |     2 |       |       ||     2
       Distracted        |       |     2 |       ||     2
Armor: Robe              |    16 |    15 |    12 ||    43
       Skin              |       |    13 |       ||    13
Dodge: Dodged            |    72 |    75 |    36 ||   183

Table legend: (Time is in decaauts)
 A = Elapsed time spent in this place.
 B = Non-inter-level travel time spent in this place.
 C = Inter-level travel time spent in this place.
 D = Time resting spent in this place.
 E = Time spent auto-exploring this place.
 F = Levels seen in this place.
 G = Mean time per level.
                   A        B        C        D        E       F      G
               +--------+--------+--------+--------+--------+-----+--------+
         Total |   7686 |   7545 |    141 |   2896 |   3404 |   6 | 1281.0 |
       Dungeon |   7686 |   7545 |    141 |   2896 |   3404 |   6 | 1281.0 |
               +--------+--------+--------+--------+--------+-----+--------+

Top non-repeatable levels by time:
     D:1: 2237 daAuts
     D:2: 1516 daAuts
     D:3: 1422 daAuts
     D:4: 1255 daAuts
     D:5: 1022 daAuts
     D:6: 232 daAuts
